 Dungeon Crawl Stone Soup version 0.23.2-30-g0e89c35649 (webtiles) character file.

Game seed: 1989577524542765919

146461 doot the Black Belt (level 17, -4/120 HPs)
             Began as a Merfolk Transmuter on June 12, 2019.
             Was the Champion of Wu Jian.
             Slain by a peacekeeper (13 damage)
             ... in the Desolation of Salt on June 13, 2019.
             The game lasted 02:22:18 (38874 turns).

doot the Black Belt (Merfolk Transmuter)           Turns: 38874, Time: 02:22:19

Health: -4/120     AC: 21    Str: 15    XL:     17   Next: 44%
Magic:  34/34      EV: 19    Int: 12    God:    Wu Jian [******]
Gold:   831        SH:  0    Dex: 19    Spells: 20/42 levels left

rFire    + + .     SeeInvis .     - Unarmed
rCold    + + +     Gourm    .   (shield currently unavailable)
rNeg     . . .     Faith    .   s - +7 Kryia's mail coat {PotionHeal*2 rC+}
rPois    .         Spirit   .   M - +2 hat {MR+}
rElec    +         Reflect  .   p - scarf {rC+ rF+}
rCorr    .         Harm     .   (gloves currently unavailable)
MR       +++..     Clarity  +   t - +1 pair of boots of Hedonism {MR+}
Stlth    +.........             o - amulet of the acrobat
HPRegen  0.30/turn              i - ring of protection from cold
MPRegen  0.24/turn              b - ring "Suaponk" {rElec rF+ EV+2 Dex+2}

@: blade hands, berserk cooldown, slowed, glowing, studying Fighting, heavenly
storm, very slow
A: change form in water, swift swim, stealthy swim, thin metallic scales 1,
clarity
a: End Transformation, Wall Jump, Serpent's Lash, Heavenly Storm, Renounce
Religion


You were in the Desolation of Salt.
You worshipped Wu Jian.
Wu Jian was exalted by your worship.
You were very hungry.
You had blades for hands.
You visited 7 branches of the dungeon, and saw 28 of its levels.
You also visited: Volcano and Desolation.

You collected 2451 gold pieces.
You spent 1620 gold pieces at shops.

Inventory:

Missiles
 B - 4 javelins of penetration (quivered)
 W - 721 arrows
Armour
 p - a scarf of resistance (worn)
 s - the +7 Kryia's mail coat (worn) {PotionHeal*2 rC+}
   (You took it off a death knight on level 10 of the Dungeon)

   It protects you from cold.
 t - the +1 pair of boots of Hedonism (worn) {MR+}
   (You found it on level 14 of the Dungeon)

   It affects your resistance to hostile enchantments.
 z - a +2 leather armour of fire resistance
 L - the +1 pair of gloves of Bad Feelings (melded) {rN+ Str+2 Stlth+}
   (You found it on level 1 of the Orcish Mines)

   It affects your strength (+2).
   It protects you from negative energy.
   It makes you more stealthy.
 M - a +2 hat of magic resistance (worn)
Magical Staves
 a - an uncursed staff of wizardry (melded)
Jewellery
 b - the ring "Suaponk" (right scythe-like blade) {rElec rF+ EV+2 Dex+2}
   (You found it on level 2 of the Lair of Beasts)

   [ring of evasion]

   It affects your evasion (+2).
   It affects your dexterity (+2).
   It protects you from fire.
   It insulates you from electricity.
 h - an uncursed amulet of guardian spirit
 i - a ring of protection from cold (left scythe-like blade)
 o - an amulet of the acrobat (around neck)
 u - an uncursed amulet of magic regeneration
 x - an uncursed ring of magical power
 R - an uncursed ring of poison resistance
 X - an uncursed ring of stealth
Wands
 e - a wand of clouds (16)
 w - a wand of iceblast (13)
 D - a wand of acid (21)
 O - a wand of scattershot (10)
 Z - a wand of paralysis (31)
Scrolls
 j - 6 scrolls of remove curse
 l - 3 scrolls of fear
 r - 2 scrolls of blinking
 C - 5 scrolls of immolation
 E - 3 scrolls of magic mapping
 H - 5 scrolls of enchant weapon
 I - 3 scrolls of vulnerability
 J - 2 scrolls of teleportation
 N - a scroll of identify
 P - 3 scrolls of amnesia
 U - 2 scrolls of enchant armour
 Y - 3 scrolls of fog
Potions
 c - 6 potions of haste
 f - a potion of might {unknown}
 g - 3 potions of brilliance
 m - 3 potions of agility
 n - 5 potions of curing
 q - 3 potions of mutation
 v - 4 potions of flight
 A - a potion of magic
 F - 2 potions of berserk rage
 G - 2 potions of ambrosia
 K - 3 potions of cancellation
 Q - 3 potions of lignification
Books
 S - a manual of Fighting
Miscellaneous
 k - a lightning rod (4/4)
 T - a phial of floods
 V - a box of beasts
Comestibles
 d - 36 rations


   Skills:
 + Level 7.1 Fighting
 + Level 0.3 Staves
 + Level 6.4 Armour
 + Level 11.2 Dodging
 + Level 6.7 Stealth
 + Level 19.2 Unarmed Combat
 + Level 13.4 Spellcasting
 + Level 17.5 Transmutations
 + Level 0.5 Ice Magic
 + Level 4.2 Poison Magic


You had 20 spell levels left.
You knew the following spells:

 Your Spells              Type           Power        Failure   Level  Hunger
a - Beastly Appendage     Tmut           ######       4%          1    None
b - Sticks to Snakes      Tmut           ######..     4%          2    None
c - Spider Form           Tmut/Pois      ####......   16%         3    None
d - Blade Hands           Tmut           ######....   12%         5    #####..
e - Ice Form              Ice/Tmut       ####....     38%         4    ###....
f - Dragon Form           Tmut           ######....   61%         7    #######

Your spell library contained the following spells:

 Spells                   Type           Power        Failure   Level  Hunger
 Yara's Violent Unravell  Hex/Tmut       ####......   65%         5    #####..
 Animate Skeleton         Necr           N/A          71%         1    None
 Apportation              Tloc           #.....       71%         1    None
 Confusing Touch          Hex            #.....       71%         1    None
 Corona                   Hex            #......      71%         1    None
 Flame Tongue             Conj/Fire      #....        71%         1    None
 Magic Dart               Conj           #...         71%         1    None
 Summon Small Mammal      Summ           #...         71%         1    None
 Ensorcelled Hibernation  Hex/Ice        #.....       78%         2    None
 Blink                    Tloc           N/A          82%         2    None
 Call Imp                 Summ           #.......     82%         2    None
 Slow                     Hex            #.......     82%         2    None
 Throw Flame              Conj/Fire      #.....       82%         2    None
 Mephitic Cloud           Conj/Pois/Air  ##......     83%         3    None
 Confuse                  Hex            #.......     94%         3    None
 Conjure Flame            Conj/Fire      #.......     94%         3    None
 Dazzling Spray           Conj/Hex       #.....       94%         3    None
 Tukima's Dance           Hex            #.......     94%         3    None
 Cause Fear               Hex            #.........   100%        4    ###....
 Metabolic Englaciation   Hex/Ice        #.........   100%        5    #####..
 Silence                  Hex/Air        #.........   100%        5    #####..
 Bolt of Cold             Conj/Ice       #.........   100%        6    ######.
 Bolt of Fire             Conj/Fire      #.........   100%        6    ######.
 Deflect Missiles         Chrm/Air       #.........   100%        6    ######.
 Freezing Cloud           Conj/Ice/Air   #.........   100%        6    ######.
 Ozocubu's Refrigeration  Ice            #.........   100%        6    ######.
 Simulacrum               Ice/Necr       #.........   100%        6    ######.
 Discord                  Hex            #.........   100%        8    #######
 Dragon's Call            Summ           #.........   100%        9    #######


Dungeon Overview and Level Annotations

Branches:
Dungeon (15/15)            Temple (1/1) D:7            Lair (6/6) D:11
 Shoals (1/4) Lair:2       Spider (2/4) Lair:4        Slime (0/5) Lair:6
    Orc (2/2) D:9             Elf (1/3) Orc:2        Vaults (0/5) D:13
 Depths (0/5) D:15

Altars:
Ashenzari
Cheibriados
Dithmenos
Elyvilon
Fedhas
Gozag
Hepliaklqana
Kikubaaqudgha
Makhleb
Nemelex Xobeh
Okawaru
Qazlal
Ru
Sif Muna
Trog
Uskayaw
Vehumet
Wu Jian
Xom
Yredelemnul
Zin
The Shining One

Shops:
D:5 [   D:9 *   D:12 }([   Orc:2 (*[:

Annotations:
D:6 2 transporters, HammerPanzer's ghost, amateur MiBe
Lair:2 exclusion: 3 oklob plants
Lair:6 exclusion: oklob plant
Shoals:1 Donald; Louise


Innate Abilities, Weirdness & Mutations

You revert to your normal form in water You are very nimble and swift while swimming.
You are very stealthy in the water. (Stealth+)
You are partially covered in thin metallic scales. (AC +2)
You possess an exceptional clarity of mind.


Message History

a +0 club; a +0 robe; a human corpse You lunge at the saltling, in a flurry of attacks.
You slash the saltling!
The saltling is heavily damaged.
You shred the saltling!!!
You destroy the saltling!
The Council accepts your kill.
Unknown command.
You feel a strong urge to attack something.
You are no longer berserk.
You pass out from exhaustion.
You feel yourself slow down.
You hear a roar! x3
You hear a roar! x2
A peacekeeper comes into view.
The peacekeeper roars!
You can move again.
You hit the peacekeeper but do no damage.
The peacekeeper bites you!
You die...

..................#.........
............................
..................
#..§§.§§§........
..§§..§.§§........
§§§§§§§§§§§...##.
§§§§§§§§☼§.....#.
§§§§§8§§§.......
§§§§§§@§§○☼.....
§§§§§§§☼§○☼.....
§§§§§§§§§§☼.....
§§☼§§§○☼○☼.....
§§§§☼☼§☼§☼§.....
..§.§§§§§§☼.......
...§........)......
...................
...................


You could see a peacekeeper.

Vanquished Creatures
  Rupert (Lair:4)
  Kirke (Spider:1)
  Gastronok (D:8)
  2 deep elf sorcerers (Elf:1)
  The ghost of caleiya the Bludgeoner, an adept GrFi of Makhleb (Orc:1)
  A stone giant (Orc:1)
  2 entropy weavers (Spider:1)
  2 ragged hierophants (Desolation)
  9 hydras
  4 peacekeepers (Desolation)
  2 catoblepae
  A servant of whispers (Desolation)
  A vault guard (D:13)
  An ogre mage (D:10)
  A dancing weapon (Elf:1)
  4 centaur warriors
  A deep troll shaman (Lair:6)
  A death knight (D:10)
  9 two-headed ogres
  6 death yaks (Lair:6)
  A tengu warrior (D:14)
  2 orc high priests (Orc:2)
  Urug (Lair:6)
  4 deep elf knights (Elf:1)
  Nergalle (Lair:1)
  5 skeletal warriors
  A sea snake (Shoals:1)
  3 unseen horrors
  A wizard (Elf:1)
  An anaconda skeleton (Volcano)
  An ironbrand convoker (Desolation)
  5 deep elf archers (Elf:1)
  4 orc knights (Orc:2)
  Pikel (D:8)
  A lindwurm (Lair:6)
  2 wolf spider zombies
  6 harpies (Shoals:1)
  3 wolf spiders (Spider:1)
  15 ugly things
  4 manticores
  5 orc sorcerers
  2 orb spiders
  32 deep elf magi
  6 fauns (Shoals:1)
  3 black mambas
  4 cyclopes
  9 elephants
  2 water nymphs (Shoals:1)
  Joseph (D:9)
  A torpor snail (Lair:5)
  A guardian serpent (shapeshifter) (D:13)
  2 merfolk sirens (Shoals:1)
  6 gargoyles
  9 spiny frogs
  A centaur skeleton (D:13)
  3 kobold demonologists (D:13)
  2 freezing wraiths (D:14)
  4 komodo dragons
  A harpy zombie (D:15)
  4 merfolk (Shoals:1)
  A hornet (D:11)
  11 trolls
  A jumping spider (Spider:1)
  A spectral orc (Orc:1)
  17 saltlings (Desolation)
  20 blink frogs
  11 slime creatures
  A wind drake (Shoals:1)
  12 dream sheep
  A meliai zombie (D:9)
  4 snapping turtles (Shoals:1)
  Sigmund (D:4)
  A stone giant simulacrum (Orc:1)
  3 flying skulls (Volcano)
  10 hippogriffs
  4 shadows
  6 redbacks (Spider:1)
  38 yaks
  4 wraiths
  2 wyverns
  3 basilisks
  10 humans (D:13)
  3 hogs (Spider:1)
  2 hungry ghosts
  A steam dragon (D:9)
  A vampire mosquito (D:10)
  5 wargs
  5 porcupines
  7 water moccasins
  4 black bears
  33 orc warriors
  4 necrophages
  9 ogres
  5 phantoms
  9 wolves
  5 sky beasts
  4 ice beasts
  An eye of draining (D:14)
  2 boggarts (Elf:1)
  11 crocodiles
  18 centaurs
  Blork the orc (D:4)
  12 bullfrogs
  3 big kobolds
  5 gnoll sergeants (D:9)
  A wyvern zombie (D:6)
  6 scorpions
  7 killer bees (D:9)
  A spriggan skeleton (Volcano)
  A troll skeleton (Volcano)
  8 wights
  6 crimson imps
  2 howler monkeys
  2 centaur zombies
  6 bullfrog zombies
  A quasit (D:12)
  6 jellies
  10 hounds
  16 orc wizards
  20 orc priests
  3 bullfrog skeletons (D:5)
  3 iguanas
  A cyclops simulacrum (Orc:1)
  6 hell rats (Lair:4)
  6 worker ants
  A killer bee zombie (D:10)
  A troll simulacrum (Orc:1)
  3 hound zombies
  2 hound skeletons
  3 worker ant zombies
  2 howler monkey skeletons
  6 gnolls
  An ogre simulacrum (Orc:1)
  10 adders
  8 shadow imps
  5 oozes (D:9)
  An orc simulacrum (Orc:1)
  2 adder zombies
  An adder skeleton (D:5)
  2 worms
  2 dart slugs (D:1)
  6 leopard geckos
  85 orcs
  2 giant cockroaches
  7 goblins
  8 hobgoblins
  9 jackals
  3 quokkas
  4 ball pythons
  12 bats
  9 frilled lizards
  15 kobolds
  A quokka skeleton (D:7)
  A quokka zombie (D:5)
  11 rats
  2 plants (Shoals:1)
860 creatures vanquished.

Vanquished Creatures (collateral kills)
  An orc warlord (Orc:2)
  A komodo dragon (D:13)
  A kobold demonologist (D:13)
  A troll (D:13)
  A dream sheep (Lair:6)
  A redback (Spider:1)
  A crocodile (Lair:6)
  A gnoll (D:1)
  A worm (shapeshifter) (D:13)
  A kobold (D:13)
  2 fungi
12 creatures vanquished.

Vanquished Creatures (others)
  A deep elf archer (Elf:1)
  A wizard (D:13)
  A harpy skeleton (Volcano)
  4 humans
  An orc warrior (Orc:2)
  2 slaves (D:8)
  A spriggan skeleton (Volcano)
  A hound (D:8)
  A worker ant (D:8)
  An adder (D:8)
  16 fungi
  14 plants
44 creatures vanquished.

Grand Total: 916 creatures vanquished

Notes
Turn   | Place    | Note
-------+----------+-------------------------------------------
     0 | D:1      | doot the Merfolk Transmuter began the quest for the Orb.
     0 | D:1      | Reached XP level 1. HP: 15/15 MP: 3/3
   502 | D:1      | Reached XP level 2. HP: 19/21 MP: 3/5
   606 | D:1      | Learned a level 2 spell: Sticks to Snakes
  1009 | D:1      | Reached XP level 3. HP: 26/26 MP: 4/6
  1017 | D:1      | Learned a level 3 spell: Spider Form
  1775 | D:2      | Reached skill level 4 in Unarmed Combat
  1999 | D:2      | Reached XP level 4. HP: 32/32 MP: 5/7
  3077 | D:3      | Reached XP level 5. HP: 34/37 MP: 7/9
  3555 | D:3      | Reached skill level 1 in Stealth
  3861 | D:3      | Found a snail-covered altar of Cheibriados.
  3959 | D:4      | Reached skill level 5 in Unarmed Combat
  3959 | D:4      | Reached XP level 6. HP: 43/43 MP: 6/10
  3980 | D:4      | Noticed Sigmund
  4005 | D:4      | Killed Sigmund
  4005 | D:4      | Reached skill level 1 in Poison Magic
  4206 | D:4      | Reached XP level 7. HP: 45/48 MP: 12/12
  4466 | D:4      | Reached skill level 5 in Transmutations
  4511 | D:4      | Reached skill level 6 in Unarmed Combat
  4753 | D:4      | Noticed Blork the orc
  4785 | D:4      | Killed Blork the orc
  5198 | D:4      | Learned a level 5 spell: Blade Hands
  5199 | D:5      | Entered Level 5 of the Dungeon
  5855 | D:5      | Reached XP level 8. HP: 47/54 MP: 9/14
  5933 | D:5      | Reached skill level 5 in Dodging
  5954 | D:5      | Found Luishrap's Armour Boutique.
  6031 | D:5      | Reached skill level 7 in Unarmed Combat
  6648 | D:6      | Gained mutation: You are partially covered in thin metallic
                  | scales. (AC +2) [potion of mutation]
  6648 | D:6      | Gained mutation: You possess an exceptional clarity of
                  | mind. [potion of mutation]
  6664 | D:6      | Reached skill level 8 in Unarmed Combat
  6664 | D:6      | Reached skill level 5 in Spellcasting
  6980 | D:6      | Reached XP level 9. HP: 61/61 MP: 7/16
  7471 | D:6      | Noticed a queen bee
  7486 | D:6      | Noticed HammerPanzer's ghost (amateur MiBe)
  7494 | D:6      | Found a transporter.
  7514 | D:6      | Found a transporter.
  7609 | D:7      | Found a staircase to the Ecumenical Temple.
  7620 | Temple   | Entered the Ecumenical Temple
  7735 | Temple   | Became a worshipper of the Wu Jian Council
  8352 | D:7      | Reached skill level 9 in Unarmed Combat
  8745 | D:8      | Noticed Pikel
  8764 | D:8      | Killed Pikel
  9224 | D:8      | Noticed Gastronok
  9257 | D:8      | Killed Gastronok
  9257 | D:8      | Reached skill level 10 in Unarmed Combat
  9257 | D:8      | Reached XP level 10. HP: 52/67 MP: 3/20
  9351 | D:8      | Reached * piety under Wu Jian
 10597 | D:9      | Reached skill level 10 in Transmutations
 11089 | D:9      | Reached XP level 11. HP: 72/72 MP: 16/22
 11091 | D:9      | Reached ** piety under Wu Jian
 11267 | D:9      | Reached skill level 11 in Unarmed Combat
 11557 | D:9      | Found a staircase to the Orcish Mines.
 11995 | D:9      | Noticed Joseph
 12299 | D:9      | Found Umim's Serpentskin Sales.
 12907 | D:9      | Killed Joseph
 13058 | D:10     | Entered Level 10 of the Dungeon
 13122 | D:10     | Killed an unseen horror
 13270 | D:10     | Noticed a two-headed ogre
 13334 | D:10     | Reached *** piety under Wu Jian
 13709 | D:10     | Reached skill level 12 in Unarmed Combat
 13962 | D:10     | Noticed an ogre mage
 13979 | D:10     | Killed an ogre mage
 13988 | D:10     | Noticed a two-headed ogre
 13995 | D:10     | Killed a two-headed ogre
 14278 | D:10     | Noticed a two-headed ogre
 14307 | D:10     | Reached XP level 12. HP: 80/81 MP: 22/25
 14325 | D:10     | Killed a two-headed ogre
 14367 | D:10     | Noticed a two-headed ogre
 14444 | D:10     | Noticed a death knight
 14718 | D:10     | Killed a two-headed ogre
 14722 | D:10     | Noticed a two-headed ogre
 14728 | D:10     | Killed a two-headed ogre
 14792 | D:10     | Killed a two-headed ogre
 14792 | D:10     | Reached skill level 13 in Unarmed Combat
 15305 | D:10     | Killed a death knight
 15541 | D:11     | Paralysed by a hornet for 2 turns
 16190 | D:11     | Reached skill level 1 in Armour
 16201 | D:11     | Reached **** piety under Wu Jian
 16631 | D:11     | Found a staircase to the Lair.
 16903 | Lair:1   | Entered Level 1 of the Lair of Beasts
 17005 | Lair:1   | Noticed Nergalle
 17011 | Lair:1   | Killed Nergalle
 17034 | Lair:1   | Reached XP level 13. HP: 75/88 MP: 20/26
 17055 | Lair:1   | Reached skill level 10 in Spellcasting
 17499 | Lair:1   | Learned a level 4 spell: Ice Form
 17852 | Lair:1   | Reached skill level 14 in Unarmed Combat
 19368 | Lair:2   | Got a warped tin ring
 19370 | Lair:2   | Identified the ring "Suaponk" {rElec rF+ EV+2 Dex+2} (You
                  | found it on level 2 of the Lair of Beasts)
 19419 | Lair:2   | Found a staircase to the Shoals.
 20156 | Lair:3   | Found a dark tunnel.
 20171 | Volcano  | Entered a volcano
 22127 | Lair:4   | Found a hole to the Spider Nest.
 22173 | Lair:4   | Reached XP level 14. HP: 80/95 MP: 21/28
 22663 | Lair:4   | Reached ***** piety under Wu Jian
 22728 | Lair:4   | Noticed Rupert
 22797 | Lair:4   | Killed Rupert
 22797 | Lair:4   | Reached skill level 15 in Unarmed Combat
 23155 | Lair:4   | Found a hazy altar of Hepliaklqana.
 23587 | Lair:5   | Found a runed translucent door.
 24747 | Lair:6   | Entered Level 6 of the Lair of Beasts
 24800 | Lair:6   | Reached skill level 15 in Transmutations
 24932 | Lair:6   | Found a staircase to the Slime Pits.
 25199 | Lair:6   | Noticed Urug
 25219 | Lair:6   | Killed Urug
 26277 | Lair:6   | Reached skill level 5 in Fighting
 26323 | Lair:6   | Reached skill level 5 in Stealth
 26962 | Lair:6   | Reached skill level 16 in Unarmed Combat
 27366 | Orc:1    | Entered Level 1 of the Orcish Mines
 27435 | Orc:1    | Found a runed translucent gate.
 27436 | Orc:1    | Found a runed translucent gate.
 27437 | Orc:1    | Found a runed translucent gate.
 27447 | Orc:1    | Noticed caleiya's ghost (adept GrFi)
 27720 | Orc:1    | Killed caleiya's ghost
 27720 | Orc:1    | Reached XP level 15. HP: 63/105 MP: 24/30
 28284 | Orc:1    | Got a pair of warped gloves
 28290 | Orc:1    | Identified the +1 pair of gloves of Bad Feelings {rN+ Str+2
                  | Stlth+} (You found it on level 1 of the Orcish Mines)
 28390 | Orc:2    | Entered Level 2 of the Orcish Mines
 28510 | Orc:2    | Found Hittoamut's General Store.
 28695 | Orc:2    | Noticed an orc warlord
 28724 | Orc:2    | Killed an orc warlord
 28724 | Orc:2    | Reached skill level 5 in Armour
 29134 | Orc:2    | Found Ypaonoq's Antique Weapon Shoppe.
 29148 | Orc:2    | Reached ****** piety under Wu Jian
 29513 | Orc:2    | Found Heewnus's Book Shoppe.
 29539 | Orc:2    | Found Setyiric's Antique Armour Shoppe.
 29682 | Orc:2    | Found a staircase to the Elven Halls.
 29958 | D:12     | Found Nunn's Antique Armour Emporium.
 30169 | D:12     | Reached skill level 10 in Dodging
 30244 | D:12     | Found Onlaud's Weapon Shop.
 30588 | D:12     | Found Biqyps Gagi's Gadget Shoppe.
 30956 | D:13     | Reached skill level 17 in Unarmed Combat
 31466 | D:13     | Found a bloodstained altar of Trog.
 31792 | D:13     | Found a gate to the Vaults.
 33422 | D:14     | Reached XP level 16. HP: 111/111 MP: 32/32
 33516 | D:14     | Got a pair of crude boots
 33527 | D:14     | Identified the +1 pair of boots of Hedonism {MR+} (You
                  | found it on level 14 of the Dungeon)
 34262 | D:15     | Entered Level 15 of the Dungeon
 34654 | D:15     | Found a shadowy altar of Dithmenos.
 35089 | D:15     | Found a staircase to the Depths.
 35540 | Spider:1 | Entered Level 1 of the Spider Nest
 35551 | Spider:1 | Noticed Kirke
 35568 | Spider:1 | Killed Kirke
 36171 | Shoals:1 | Entered Level 1 of the Shoals
 36175 | Shoals:1 | Reached skill level 18 in Unarmed Combat
 37417 | Shoals:1 | Noticed Louise
 37417 | Shoals:1 | Noticed Donald
 37817 | Orc:2    | Bought a book of the Dragon for 1620 gold pieces
 37825 | Orc:2    | Learned a level 7 spell: Dragon Form
 37837 | Elf:1    | Entered Level 1 of the Elven Halls
 37987 | Elf:1    | Identified the cursed +1 robe of Qirghimod {+Inv rC+}
 38032 | Elf:1    | Identified the Papyrus of Creative Combat Magic
 38064 | Elf:1    | Reached XP level 17. HP: 120/120 MP: 34/34
 38342 | Elf:1    | Reached skill level 19 in Unarmed Combat
 38592 | Elf:1    | Found a glowing silver altar of Zin.
 38592 | Elf:1    | Found a white marble altar of Elyvilon.
 38600 | Elf:1    | Found a glowing golden altar of the Shining One.
 38600 | Elf:1    | Found a ruined gateway.
 38618 | Desolati | Entered the Desolation of Salt
 38874 | Desolati | Slain by a peacekeeper

Skill      XL: |  1  2  3  4  5  6  7  8  9 10 11 12 13 14 15 16 17 |
---------------+----------------------------------------------------+-----
Transmutations | 3 4 5 6 9 10 11 12 14 15 16 17 | 17.5
Unarmed Combat | 4 5 6 8 10 12 13 14 16 17 18 19 | 19.2
Dodging        | 3 4 5 6 7 8 9 10 11 | 11.2
Spellcasting   | 3 4 5 7 9 10 11 12 13 | 13.4
Stealth        | 1 2 3 4 5 6 |  6.7
Poison Magic   | 1 2 3 4 |  4.2
Fighting       | 2 3 4 5 7 |  7.1
Armour         | 2 3 4 5 6 |  6.4
Staves         | |  0.3
Ice Magic      | |  0.5

Action                   |  1- 3 |  4- 6 |  7- 9 | 10-12 | 13-15 | 16-18 || total
-------------------------+-------+-------+-------+-------+-------+-------++-------
Melee: Unarmed           |   119 |   170 |   254 |   443 |  1016 |   497 ||  2499
       Headbutt          |     8 |    11 |       |       |       |       ||    19
       Tailslap          |     2 |       |       |       |    11 |    26 ||    39
       Punch             |     1 |     1 |     1 |    22 |    64 |    44 ||   133
       Staff             |       |       |       |       |       |     8 ||     8
       Bite              |       |       |       |       |       |     6 ||     6
 Cast: Beastly Appendage |    30 |    23 |     2 |     1 |       |       ||    56
       Sticks to Snakes  |     1 |       |     7 |       |    20 |    15 ||    43
       Spider Form       |       |    12 |    29 |    13 |     3 |     4 ||    61
       Blade Hands       |       |       |    14 |    63 |   127 |    39 ||   243
       Ice Form          |       |       |       |       |     7 |       ||     7
       Dragon Form       |       |       |       |       |       |     4 ||     4
Invok: Lunge             |       |       |    14 |    63 |   121 |    69 ||   267
       Whirlwind         |       |       |       |    50 |   234 |    76 ||   360
       Heavenly Storm    |       |       |       |       |       |     1 ||     1
 Abil: Wall Jump         |       |       |       |    25 |    43 |       ||    68
       End Transformatio |       |       |       |       |     2 |     1 ||     3
       Breathe Fire      |       |       |       |       |       |     7 ||     7
  Use: Potion            |       |       |     5 |     4 |     3 |     7 ||    19
       Scroll            |       |       |     5 |     9 |    14 |     6 ||    34
 Stab: Sleeping          |     5 |     1 |     1 |     2 |     6 |     7 ||    22
       Fleeing           |       |       |     1 |       |       |       ||     1
       Distracted        |       |       |       |     1 |     7 |     3 ||    11
       Invisible         |       |       |       |       |     1 |       ||     1
       Petrified         |       |       |       |       |     3 |       ||     3
  Eat: Chunk             |     4 |     9 |    29 |    47 |    82 |    20 ||   191
       Ration            |       |       |     1 |     1 |     1 |     3 ||     6
Armor: Robe              |    18 |    30 |    23 |    17 |     9 |       ||    97
       Skin              |       |     1 |     9 |     5 |    12 |    10 ||    37
       Scale mail        |       |       |       |    35 |   209 |   150 ||   394
Dodge: Dodged            |    65 |   113 |   228 |   228 |   514 |   376 ||  1524
